 Dungeon Crawl Stone Soup version 0.30.1-11-g7821555f0a (webtiles) character file.

Game seed: 9717841972449717009

19994 jfcaron the Cleaver (level 12, 0/145 HPs)
             Began as a Gnoll Berserker on Nov 11, 2023.
             Was a High Priest of Trog.
             Slain by a bog body (2 damage)
             ... on level 3 of the Lair of Beasts.
             The game lasted 00:24:15 (12972 turns).

jfcaron the Cleaver (Gnoll Berserker)              Turns: 12972, Time: 00:24:16

Health: 0/145      AC: 22    Str: 27    XL:     12   Next: 74%
Magic:  23/23      EV: 10    Int:  8    God:    Trog [*****.]
Gold:   725        SH:  5    Dex: 11    Spells: 26/26 levels left

rFire   + . .        v - +2 war axe (flame)
rCold   + . .        (no shield)
rNeg    . . .        D - +0 plate armour
rPois   +            q - +2 helmet
rElec   .            B - scarf {rC+ rF+}
rCorr   .            J - +2 pair of gloves
SInv    .            A - +0 pair of boots
Will    .....        F - amulet of reflection Stlth
                     H - ring of poison resistance
HPRegen 0.44/turn    t - +6 ring of strength
MPRegen 0.18/turn

%: reflection
@: berserking, slowed
A: fangs 1, strong nose, distributed training
a: Renounce Religion, Berserk, Trog's Hand, Brothers in Arms


You were on level 3 of the Lair of Beasts.
You worshipped Trog.
Trog was extremely pleased with you.
You visited 2 branches of the dungeon, and saw 12 of its levels.
You also visited: Ice Cave.

You collected 791 gold pieces.
You spent 66 gold pieces at shops.

Inventory:

Hand Weapons
 f - a +0 broad axe
 g - a +0 heavy war axe
   (You bought it in a shop on level 1 of the Dungeon)
 s - the +3 whip "Zeakk" {freeze, +Blink rC+ Dex-3 Stlth+}
   (You found it on level 5 of the Dungeon)

   Dex:       It affects your dexterity (-3).
   rC:        It protects you from cold.
   +Blink:    It lets you blink.
   Stlth:     It makes you more stealthy.
 v - a +2 war axe of flaming (weapon)
   (You took it off Maggie on level 6 of the Dungeon)
 E - a +0 lajatang of freezing
   (You found it in an ice cave)
 N - a +1 hand crossbow of freezing
   (You found it in an ice cave)
Missiles
 h - 6 stones (quivered)
 i - 23 poisoned darts
 C - 5 curare-tipped darts {!f}
 L - 3 silver javelins {!f}
Armour
 q - a +2 helmet (worn)
 w - +0 ice dragon scales
 A - a +0 pair of boots (worn)
 B - a scarf of resistance (worn)
   (You found it in an ice cave)
 D - a +0 plate armour (worn)
 J - a +2 pair of gloves (worn)
Jewellery
 d - a ring of protection from fire
   (You found it on level 2 of the Dungeon)
 n - a ring of ice
   (You took it off a goblin on level 3 of the Dungeon)
 t - a +6 ring of strength (right hand)
   (You found it on level 5 of the Dungeon)
 F - an amulet of reflection (around neck)
   (You found it on level 9 of the Dungeon)
 H - a ring of poison resistance (left hand)
Wands
 b - a wand of digging (4)
 u - a wand of iceblast (16)
   (You found it on level 5 of the Dungeon)
 y - a wand of paralysis (14)
   (You found it on level 7 of the Dungeon)
 K - a wand of mindburst (7)
Scrolls
 a - a scroll of immolation
 c - 3 scrolls of vulnerability
 k - 7 scrolls of teleportation
 r - a scroll of blinking
 x - 3 scrolls of identify
Potions
 e - 2 potions of heal wounds
 j - 2 potions of invisibility
 l - 5 potions of might
 m - 3 potions of flight
 o - a potion of attraction
 p - 2 potions of berserk rage
 z - 2 potions of resistance
 G - a potion of haste
 O - a potion of cancellation
Miscellaneous
 I - a phantom mirror
   (You found it in an ice cave)
 M - a lightning rod (4/4)
   (You found it in an ice cave)


   Skills:
 + Level 10.3 Fighting
 + Level 7.9 Short Blades
 + Level 7.9 Long Blades
 + Level 10.3 Axes
 + Level 7.9 Maces & Flails
 + Level 7.9 Polearms
 + Level 7.9 Staves
 + Level 7.9 Ranged Weapons
 + Level 7.9 Throwing
 + Level 9.2 Armour
 + Level 9.2 Dodging
 + Level 7.9 Stealth
 + Level 7.9 Shields
 + Level 7.9 Unarmed Combat
 + Level 7.9 Spellcasting
 + Level 6.5 Conjurations
 + Level 6.5 Hexes
 + Level 6.5 Summonings
 + Level 6.5 Necromancy
 + Level 6.5 Translocations
 + Level 6.5 Transmutations
 + Level 6.5 Fire Magic
 + Level 6.5 Ice Magic
 + Level 6.5 Air Magic
 + Level 6.5 Earth Magic
 + Level 6.5 Poison Magic
 + Level 8.6 Invocations
 + Level 7.9 Evocations


You had 26 spell levels left.
You didn't know any spells.
Your spell library contained the following spells:

 Spells                   Type           Power      Damage    Failure   Level
 Foxfire                  Conj/Fire      52%        2x1d6     12%         1
 Sandblast                Erth           26%        2d8       12%         1
 Sting                    Tmut/Pois      52%        1d5       12%         1
 Blink                    Tloc           26%        N/A       19%         2
 Lesser Beckoning         Tloc           26%        N/A       19%         2
 Momentum Strike          Conj/Tloc      26%        3d8       19%         2
 Passwall                 Tmut/Erth      10%        N/A       19%         2
 Poisonous Vapours        Pois/Air       26%        N/A       19%         2
 Dazzling Flash           Conj/Hex       26%        N/A       36%         3
 Frozen Ramparts          Ice            26%        1d4       36%         3
 Stone Arrow              Conj/Erth      26%        3d8       36%         3
 Tukima's Dance           Hex            13%        N/A       36%         3
 Vhi's Electric Charge    Tloc/Air       26%        N/A       36%         3
 Volatile Blastmotes      Fire/Tloc      26%        2d12      36%         3
 Fulminant Prism          Conj/Hex       6%         3d7       77%         4
 Ice Form                 Ice/Tmut       13%        N/A       77%         4
 Iskenderun's Mystic Bla  Conj/Tloc      13%        2d5       77%         4
 Olgreb's Toxic Radiance  Pois           13%        N/A       77%         4
 Passage of Golubria      Tloc           13%        N/A       77%         4
 Summon Ice Beast         Ice/Summ       13%        N/A       77%         4
 Agony                    Necr           13%        N/A       98%         5
 Arcjolt                  Conj/Air       6%         1d16      98%         5
 Fireball                 Conj/Fire      6%         3d5       98%         5
 Lee's Rapid Deconstruct  Erth           6%         3d6*      98%         5
 Silence                  Hex/Air        6%         N/A       98%         5
 Yara's Violent Unravell  Hex/Tmut       6%         3d5       98%         5
 Plasma Beam              Fire/Air       6%         2x1d18    100%        6
 Starburst                Conj/Fire      6%         6d4       100%        6


Dungeon Overview and Level Annotations

Branches:
Dungeon (9/15)             Temple (0/1) D:7            Lair (3/5) D:9
 Spider (0/4) Lair:2        IceCv (visited)
  Swamp: Lair:2-3    Shoals: Lair:2-3       Orc: D:9-12

Altars:
Ashenzari
Fedhas
Gozag
Kikubaaqudgha
Makhleb
Sif Muna
Uskayaw
Wu Jian
Xom
Yredelemnul
The Shining One

Shops:
D:1 (


Innate Abilities, Weirdness & Mutations

You have very sharp teeth.
Your uncanny sense of smell can sniff out nearby items.
Your experience applies equally to all skills.


Message History

You resist with significant effort. The bog body attacks as you move away!
The bog body closely misses you.
The bog body touches you but does no damage.
The bog body gestures at you while chanting.
The bolt of cold misses you.
The bog body points at you and mumbles some strange words.
The bolt of cold hits you! You resist.
A red film seems to cover your vision as you go berserk!
You feel yourself moving faster!
You feel mighty! The bog body casts a spell at you.
The bolt of cold misses you. The bog body touches you!
The bog body freezes you! You resist.
* * * LOW HITPOINT WARNING * * *
You closely miss the bog body.
The bog body is moderately damaged.
You slash the bog body!
The bog body points at you and mumbles some strange words.
The bolt of cold hits you! You resist.
* * * LOW HITPOINT WARNING * * *
The bog body touches you.
* * * LOW HITPOINT WARNING * * *
The bog body freezes you! You resist.
* * * LOW HITPOINT WARNING * * *
You barely miss the bog body.
The bog body is moderately damaged.
You slash the bog body! The bog body casts a spell at you.
The bolt of cold hits you! You resist.
* * * LOW HITPOINT WARNING * * *
The bog body closely misses you.
You are too berserk!
Okay, then.
You are too berserk!
Unknown command.
Unknown command.
Unknown command.
You closely miss the bog body.
The bog body is moderately damaged.
You hit the bog body but do no damage. The bog body touches you.
You die...

#..####
.....####
#.#.#...##
#.#......#
##........##
##..<...⌠⌠..#
#.....†♣..♣.#
#......♣..♣ .
#P.....♣♣@.♣♣
##.....♣nn.(♣
#.....♣†..~♣
.>.....♣~..~♣
#....#..♣♣..~♣
#...###♣♣~.♣~♣
♣..~♣ ~♣.~♣ ~
.~♣


You could see 2 bog bodies.

Vanquished Creatures
  Erica (D:9)
  3 bog bodies
  An oklob plant (Lair:2)
  An elephant (D:9)
  An ice statue (IceCv)
  6 cane toads
  A rime drake (Lair:1)
  A freezing wraith (IceCv)
  Maggie (D:6)
  3 komodo dragons (Lair:2)
  An ice devil (IceCv)
  A polar bear (Lair:2)
  4 blink frogs (Lair:1)
  A jumping spider (Lair:2)
  23 yaks
  3 basilisks
  7 wyverns
  Grum (D:8)
  6 death yak simulacra (IceCv)
  3 steam dragons
  A swamp worm (Lair:3)
  Menkaure (D:4)
  2 water moccasins (Lair:2)
  An orc warrior (D:9)
  2 black bears
  An ogre (D:5)
  20 wolves
  3 phantoms
  6 centaurs
  A gnoll sergeant (D:9)
  5 two-headed ogre simulacra (IceCv)
  7 bullfrogs
  7 scorpions
  2 cane toad simulacra (IceCv)
  7 wights
  An elephant simulacrum (IceCv)
  4 killer bees
  3 howler monkeys
  A crimson imp (D:9)
  2 jellies
  2 hounds
  A gnoll bouda (D:5)
  An orc priest (D:6)
  2 sleepcaps (D:6)
  Jessica (D:2)
  6 iguanas
  5 orc wizards
  4 polar bear simulacra (IceCv)
  4 troll simulacra (IceCv)
  4 spriggan simulacra (IceCv)
  3 wolf simulacra (IceCv)
  Robin (D:3)
  7 gnolls
  4 adders
  4 naga simulacra (IceCv)
  2 shadow imps
  6 white imps
  9 ufetubi
  3 worms (D:2)
  2 dart slugs
  23 orcs
  3 bats
  5 endoplasms
  A giant cockroach (D:1)
  15 goblins
  8 hobgoblins
  4 jackals (D:4)
  2 quokkas
  3 ball pythons
  2 frilled lizards (D:1)
  8 kobolds
  5 rats
296 creatures vanquished.

Notes
Turn   | Place    | Note
-------+----------+-------------------------------------------
     0 | D:1      | jfcaron the Gnoll Berserker began the quest for the Orb.
     0 | D:1      | Reached XP level 1. HP: 23/23 MP: 1/1
     1 | D:1      | Found a broken altar of Ashenzari.
   263 | D:1      | Reached XP level 2. HP: 29/29 MP: 2/2
   448 | D:1      | Found Soaph's Antique Weapon Shop.
   458 | D:1      | Bought a war axe for 66 gold pieces
   739 | D:2      | Reached XP level 3. HP: 35/35 MP: 3/3
   937 | D:2      | Noticed Jessica
   939 | D:2      | Killed Jessica
   940 | D:2      | Reached skill level 1 in Short Blades
   940 | D:2      | Reached skill level 1 in Long Blades
   940 | D:2      | Reached skill level 1 in Maces & Flails
   940 | D:2      | Reached skill level 1 in Polearms
   940 | D:2      | Reached skill level 1 in Staves
   940 | D:2      | Reached skill level 1 in Ranged Weapons
   940 | D:2      | Reached skill level 1 in Throwing
   940 | D:2      | Reached skill level 1 in Stealth
   940 | D:2      | Reached skill level 1 in Shields
   940 | D:2      | Reached skill level 1 in Unarmed Combat
   940 | D:2      | Reached skill level 1 in Spellcasting
   940 | D:2      | Reached skill level 1 in Invocations
   940 | D:2      | Reached skill level 1 in Evocations
  1069 | D:2      | Reached XP level 4. HP: 41/41 MP: 5/5
  1855 | D:3      | Reached skill level 1 in Conjurations
  1855 | D:3      | Reached skill level 1 in Hexes
  1855 | D:3      | Reached skill level 1 in Summonings
  1855 | D:3      | Reached skill level 1 in Necromancy
  1855 | D:3      | Reached skill level 1 in Translocations
  1855 | D:3      | Reached skill level 1 in Transmutations
  1855 | D:3      | Reached skill level 1 in Fire Magic
  1855 | D:3      | Reached skill level 1 in Ice Magic
  1855 | D:3      | Reached skill level 1 in Air Magic
  1855 | D:3      | Reached skill level 1 in Earth Magic
  1855 | D:3      | Reached skill level 1 in Poison Magic
  1855 | D:3      | Noticed Robin
  1865 | D:3      | Killed Robin
  1866 | D:3      | Reached ** piety under Trog
  2011 | D:3      | Noticed a centaur
  2015 | D:3      | Killed a centaur
  2016 | D:3      | Reached XP level 5. HP: 47/47 MP: 5/7
  2213 | D:3      | Reached XP level 6. HP: 53/53 MP: 8/8
  2272 | D:3      | Found a hide-covered altar of Uskayaw.
  2390 | D:3      | Found a blossoming altar of Fedhas.
  2425 | D:4      | Reached skill level 5 in Armour
  2425 | D:4      | Reached skill level 5 in Dodging
  2641 | D:4      | Noticed Menkaure
  2650 | D:4      | Killed Menkaure
  2651 | D:4      | Reached XP level 7. HP: 22/60 MP: 10/10
  3076 | D:4      | Found a basalt altar of Yredelemnul.
  3076 | D:4      | Found a shimmering blue altar of Sif Muna.
  3155 | D:4      | Found an ancient bone altar of Kikubaaqudgha.
  3157 | D:4      | Found a glowing golden altar of the Shining One.
  3159 | D:4      | Found an opulent altar of Gozag.
  3177 | D:5      | Entered Level 5 of the Dungeon
  3529 | D:5      | Reached XP level 8. HP: 67/67 MP: 12/12
  3568 | D:5      | Reached *** piety under Trog
  3683 | D:5      | Identified the +3 whip "Zeakk" {freeze, +Blink rC+ Dex-3
                  | Stlth+}
  4462 | D:6      | Noticed Maggie
  4478 | D:6      | Killed Maggie
  4599 | D:6      | Reached XP level 9. HP: 73/73 MP: 14/14
  5553 | D:7      | Found an ornate altar of the Wu Jian Council.
  5659 | D:7      | Reached skill level 5 in Invocations
  5757 | D:7      | Found a staircase to the Ecumenical Temple.
  6100 | D:8      | Reached **** piety under Trog
  6151 | D:8      | Noticed Grum
  6167 | D:8      | Killed Grum
  6168 | D:8      | Reached skill level 5 in Short Blades
  6168 | D:8      | Reached skill level 5 in Long Blades
  6168 | D:8      | Reached skill level 5 in Maces & Flails
  6168 | D:8      | Reached skill level 5 in Polearms
  6168 | D:8      | Reached skill level 5 in Staves
  6168 | D:8      | Reached skill level 5 in Ranged Weapons
  6168 | D:8      | Reached skill level 5 in Throwing
  6168 | D:8      | Reached skill level 5 in Stealth
  6168 | D:8      | Reached skill level 5 in Shields
  6168 | D:8      | Reached skill level 5 in Unarmed Combat
  6168 | D:8      | Reached skill level 5 in Spellcasting
  6168 | D:8      | Reached skill level 5 in Evocations
  6168 | D:8      | Reached XP level 10. HP: 63/81 MP: 17/17
  6469 | D:8      | Found a transporter.
  6470 | D:8      | Found a transporter.
  6472 | D:8      | Found a transporter.
  6505 | D:8      | Found a transporter.
  7350 | D:9      | Noticed Erica
  7357 | D:9      | Killed Erica
  7718 | D:9      | Found a shimmering altar of Xom.
  7718 | D:9      | Found a burning altar of Makhleb.
  7769 | D:9      | Noticed an elephant
  7959 | D:9      | Reached skill level 5 in Conjurations
  7959 | D:9      | Reached skill level 5 in Hexes
  7959 | D:9      | Reached skill level 5 in Summonings
  7959 | D:9      | Reached skill level 5 in Necromancy
  7959 | D:9      | Reached skill level 5 in Translocations
  7959 | D:9      | Reached skill level 5 in Transmutations
  7959 | D:9      | Reached skill level 5 in Fire Magic
  7959 | D:9      | Reached skill level 5 in Ice Magic
  7959 | D:9      | Reached skill level 5 in Air Magic
  7959 | D:9      | Reached skill level 5 in Earth Magic
  7959 | D:9      | Reached skill level 5 in Poison Magic
  7959 | D:9      | Reached XP level 11. HP: 81/89 MP: 18/20
  8123 | D:9      | Found a staircase to the Lair.
  8625 | Lair:1   | Entered Level 1 of the Lair of Beasts
  8649 | Lair:1   | HP: 20/133 [blink frog (13)]
  8901 | Lair:1   | Found a frozen archway.
  8959 | IceCv    | Entered an ice cave
  9719 | IceCv    | Reached ***** piety under Trog
 10146 | IceCv    | Reached XP level 12. HP: 97/97 MP: 22/22
 11272 | Lair:2   | Reached skill level 10 in Fighting
 11272 | Lair:2   | Reached skill level 10 in Axes
 12223 | Lair:2   | Found a hole to the Spider Nest.
 12970 | Lair:3   | HP: 29/145 [bog body (5)]
 12971 | Lair:3   | HP: 2/145 [bog body/bolt of cold (15)]
 12972 | Lair:3   | Slain by a bog body

Illustrated notes

Levels and vault maps discovered:
D:1:      sevenhm_arrival_forest_fort_small_6, layout_basic, serial_shops,
          nicolae_shop_advertising_works [nicolae_subvault_shop_adworks],
          minmay_gold_behind_fungi
D:2:      layout_loops_corners, uniq_jessica
D:3:      layout_basic, old_standard_altar, fedhas_altar_2, uniq_robin
D:4:      layout_basic, chequers_temple_overflow_minitemple, uniq_menkaure
D:5:      layout_layer_cave, kennysheep_generic_room_5
D:6:      layout_loops_corners, hex_large, uniq_maggie
D:7:      layout_cave_pools, nzn_wu_jian_contemplation,
          minmay_temple_entry_overgrown
D:8:      layout_basic, nicolae_diode_quadrants, uniq_grum
D:9:      layout_roguey, grunt_temple_overflow_champion_of_chaos,
          david_lair_generic, minivault_16, chequers_serial_rivers_micro_e,
          serial_bayou_pond_e, uniq_erica
Lair:1:   layout_loops_ring, portal_ice_cave_entry_pillars_1
Lair:2:   layout_gridlike, spider_nest_entry_rubble, serial_bayou_shore_b,
          grunt_megastairs_5
Lair:3:   layout_cave_pods, nicolae_swamp_entry_splash_gauntlet, uniq_sonja,
          uniq_urug

Skill      XL: |  1  2  3  4  5  6  7  8  9 10 11 12 |
---------------+-------------------------------------+-----
Short Blades   | 1 2 3 5 6 7 |  7.9
Long Blades    | 1 2 3 5 6 7 |  7.9
Maces & Flails | 1 2 3 5 6 7 |  7.9
Polearms       | 1 2 3 5 6 7 |  7.9
Staves         | 1 2 3 5 6 7 |  7.9
Ranged Weapons | 1 2 3 5 6 7 |  7.9
Throwing       | 1 2 3 5 6 7 |  7.9
Stealth        | 1 2 3 5 6 7 |  7.9
Shields        | 1 2 3 5 6 7 |  7.9
Unarmed Combat | 1 2 3 5 6 7 |  7.9
Spellcasting   | 1 2 3 5 6 7 |  7.9
Invocations    | 1 2 3 4 5 6 7 8 |  8.6
Evocations     | 1 2 3 5 6 7 |  7.9
Conjurations   | 1 2 3 4 5 6 |  6.5
Hexes          | 1 2 3 4 5 6 |  6.5
Summonings     | 1 2 3 4 5 6 |  6.5
Necromancy     | 1 2 3 4 5 6 |  6.5
Translocations | 1 2 3 4 5 6 |  6.5
Transmutations | 1 2 3 4 5 6 |  6.5
Fire Magic     | 1 2 3 4 5 6 |  6.5
Ice Magic      | 1 2 3 4 5 6 |  6.5
Air Magic      | 1 2 3 4 5 6 |  6.5
Earth Magic    | 1 2 3 4 5 6 |  6.5
Poison Magic   | 1 2 3 4 5 6 |  6.5
Armour         | 5 6 7 8 9 |  9.2
Dodging        | 5 6 7 8 9 |  9.2
Fighting       | 7 8 9 10 | 10.3
Axes           | 7 8 9 10 | 10.3

Action                     |  1- 3 |  4- 6 |  7- 9 | 10-12 || total
---------------------------+-------+-------+-------+-------++-------
  Melee: Hand axe          |    32 |       |       |       ||    32
         Bite              |     6 |     2 |    17 |    61 ||    86
         War axe           |     4 |    40 |   159 |   449 ||   652
         Punch             |       |     1 |     8 |    24 ||    33
  Throw: Stone             |     6 |       |    59 |    39 ||   104
         Boomerang         |    30 |    58 |    83 |    97 ||   268
         Dart              |       |     1 |     1 |    48 ||    50
 Invoke: Berserk           |       |     4 |     3 |     9 ||    16
         Trog's Hand       |       |       |       |     3 ||     3
  Evoke: Wand              |       |       |       |     2 ||     2
    Use: Scroll            |     3 |     7 |     4 |     5 ||    19
         Potion            |       |       |       |     8 ||     8
   Stab: Distracted        |       |       |       |     1 ||     1
 Armour: Animal skin       |     6 |    16 |       |       ||    22
         Ring mail         |       |     2 |       |       ||     2
         Chain mail        |       |       |   112 |    40 ||   152
         Plate armour      |       |       |       |   148 ||   148
         Ice dragon scales |       |       |       |    32 ||    32
  Dodge: Dodged            |    18 |    30 |    94 |   226 ||   368
  Block: Other             |       |       |       |    82 ||    82
         Reflection        |       |       |       |     3 ||     3

Table legend: (Time is in decaauts)
 A = Elapsed time spent in this place.
 B = Non-inter-level travel time spent in this place.
 C = Inter-level travel time spent in this place.
 D = Time resting spent in this place.
 E = Time spent auto-exploring this place.
 F = Levels seen in this place.
 G = Mean time per level.
                   A        B        C        D        E       F      G
               +--------+--------+--------+--------+--------+-----+--------+
         Total |  13207 |  12252 |    955 |   2305 |   7465 |  13 | 1015.9 |
       Dungeon |   8858 |   8115 |    743 |    932 |   5736 |   9 |  984.2 |
          Lair |   2630 |   2419 |    211 |    315 |   1536 |   3 |  876.7 |
      Ice Cave |   1719 |   1719 |      0 |   1057 |    192 |   1 | 1719.0 |
               +--------+--------+--------+--------+--------+-----+--------+

Top non-repeatable levels by time:
   IceCv: 1719 daAuts
  Lair:2: 1540 daAuts
     D:9: 1248 daAuts
     D:5: 1231 daAuts
     D:8: 1181 daAuts
     D:6: 1148 daAuts
  Lair:1: 1058 daAuts
     D:2: 1023 daAuts
     D:3: 820 daAuts
     D:7: 763 daAuts
     D:4: 761 daAuts
     D:1: 679 daAuts
  Lair:3: 31 daAuts

Table legend:
 A = Kills in this place as a percentage of kills in the entire game.
 B = Kills by you in this place as a percentage of kills by you in the entire game.
 C = Kills by friends in this place as a percentage of kills by friends in the entire game.
 D = Other kills in this place as a percentage of other kills in the entire game.
 E = Experience gained in this place as a percentage of experience gained in the entire game.
 F = Experience gained in this place divided by the number of levels of this place that you have seen.
                   A       B       C       D       E      F
               +-------+-------+-------+-------+-------+----------------------
         Total | 100.0 | 100.0 | 100.0 |   N/A | 100.0 | 2197.2
       Dungeon |  64.1 |  62.9 | 100.0 |   N/A |  38.6 | 1226.1
          Lair |  19.3 |  19.9 |   0.0 |   N/A |  44.3 | 4221.0
      Ice Cave |  16.6 |  17.1 |   0.0 |   N/A |  17.0 | 4866.0
               +-------+-------+-------+-------+-------+----------------------

Levels and vault maps discovered:
D:1:      sevenhm_arrival_forest_fort_small_6, layout_basic, serial_shops,
          nicolae_shop_advertising_works [nicolae_subvault_shop_adworks],
          minmay_gold_behind_fungi
D:2:      layout_loops_corners, uniq_jessica
D:3:      layout_basic, old_standard_altar, fedhas_altar_2, uniq_robin
D:4:      layout_basic, chequers_temple_overflow_minitemple, uniq_menkaure
D:5:      layout_layer_cave, kennysheep_generic_room_5
D:6:      layout_loops_corners, hex_large, uniq_maggie
D:7:      layout_cave_pools, nzn_wu_jian_contemplation,
          minmay_temple_entry_overgrown
D:8:      layout_basic, nicolae_diode_quadrants, uniq_grum
D:9:      layout_roguey, grunt_temple_overflow_champion_of_chaos,
          david_lair_generic, minivault_16, chequers_serial_rivers_micro_e,
          serial_bayou_pond_e, uniq_erica
Lair:1:   layout_loops_ring, portal_ice_cave_entry_pillars_1
Lair:2:   layout_gridlike, spider_nest_entry_rubble, serial_bayou_shore_b,
          grunt_megastairs_5
Lair:3:   layout_cave_pods, nicolae_swamp_entry_splash_gauntlet, uniq_sonja,
          uniq_urug
